 Dungeon Crawl Stone Soup version 0.24-a0-464-g6b2be6b8c7 (webtiles) character file.

Game seed: 4302174865046521186

765074 Inquire the Intangible (level 27, -1/249 HPs)
             Began as a Merfolk Berserker on July 4, 2019.
             Was a High Priest of Trog.
             Slain by an Orb Guardian (49 damage)
             ... on level 5 of the Realm of Zot.
             The game lasted 02:23:37 (65835 turns).

Inquire the Intangible (Merfolk Berserker)         Turns: 65835, Time: 02:23:37

Health: -1/249     AC: 32    Str: 35    XL:     27
Magic:  44/44      EV: 34    Int: 13    God:    Trog [*****.]
Gold:   81         SH:  0    Dex: 34    Spells: 26/26 levels left

rFire    + + +     SeeInvis .   q - +8 glaive "Giach" {flame, Str+5}
rCold    . . .     Gourm    .   (shield currently unavailable)
rNeg     + + +     Faith    .   r - +8 chain mail of Elinun {rF++ rN+ Dex+3}
rPois    +         Spirit   .   (helmet restricted)
rElec    +         Reflect  .   d - +0 cloak of Jigsaw {rF+}
rCorr    .         Harm     .   p - +2 pair of gloves {Str+3}
MR       ++...     Clarity  +   f - +0 pair of boots of the Vacuum {+Fly Int+3}
Stlth    +++++++...             E - amulet "Vieklorgh" {RegenMP rElec rF- rN+++ Dex+8}
HPRegen  0.51/turn              P - ring of the Circus Animal {rPois Str+3 Int+3}
MPRegen  0.54/turn              I - ring "Vuviake" {rF+ rN+ MP+9 Str+4}

@: about to teleport, constricted
A: change form in water, swift swim, stealthy swim, horns 1, blurry vision 2,
clarity, screaming 1, shaggy fur 1, no potion heal 1, subdued magic 1
}: 5/15 runes: decaying, serpentine, slimy, silver, abyssal
a: Berserk, Trog's Hand, Brothers in Arms, Renounce Religion, Evoke Flight


You were on level 5 of the Realm of Zot.
You worshipped Trog.
Trog was extremely pleased with you.
You were hungry.

You visited 12 branches of the dungeon, and saw 58 of its levels.
You visited the Abyss 2 times.
You also visited: Sewer, Gauntlet, Ice Cave, Wizlab and Desolation.

You collected 7856 gold pieces.
You spent 7775 gold pieces at shops.

Inventory:

Hand Weapons
 a - a +2 demon blade of pain
 q - the +8 glaive "Giach" (weapon) {flame, Str+5}
   (Trog gifted it to you on level 11 of the Dungeon)

   It has been specially enchanted to burn those struck by it, causing extra
   injury to most foes and up to half again as much damage against particularly
   susceptible opponents.
   Big, fiery blades are also staple armaments of hydra-hunters.
   It affects your strength (+5).
 v - a +9 antimagic bardiche
 D - the +10 glaive "Huq Gystruqu" {holy, rElec rC++ rN+ Str-5}
   (Trog gifted it to you on level 3 of the Elven Halls)

   It has been blessed by the Shining One to cause great damage to the undead
   and demons.
   It affects your strength (-5).
   It greatly protects you from cold.
   It insulates you from electricity.
   It protects you from negative energy.
Missiles
 b - 2 throwing nets (quivered)
Armour
 d - the +0 cloak of Jigsaw (worn) {rF+}
   (You found it in a wizard's laboratory)

   It protects you from fire.
 f - the +0 pair of boots of the Vacuum (worn) {+Fly Int+3}
   (You found it in the Desolation of Salt)

   It affects your intelligence (+3).
   It lets you fly.
 p - a +2 pair of gloves of strength (worn)
 r - the +8 chain mail of Elinun (worn) {rF++ rN+ Dex+3}
   (You found it on level 3 of the Depths)

   It affects your dexterity (+3).
   It greatly protects you from fire.
   It protects you from negative energy.
 y - the +6 plate armour of Elyvilon's Castigation {rCorr MP+9 Str+8}
   (You bought it in a shop on level 1 of the Orcish Mines)

   It affects your strength (+8).
   It affects your magic capacity (+9).
   It provides partial protection from all sources of acid and corrosion.
 A - the +1 cloak of Starlight {rElec rC+ EV+4 Stlth--}
   (You found it in a wizard's laboratory)

   It affects your evasion (+4).
   It protects you from cold.
   It insulates you from electricity.
   It makes you much less stealthy.
 O - the +1 helmet of Boiling Hail {Str+4}
   (You found it in a Gauntlet)

   It affects your strength (+4).
 Q - +6 storm dragon scales {Bai Suzhen}
 R - the +9 scales of the Dragon King {rPois rF+ rC+ MR+}
   (You found it on level 1 of the Lair of Beasts)

   It protects you from fire.
   It protects you from cold.
   It protects you from poison.
   It affects your resistance to hostile enchantments.
Jewellery
 t - the amulet "Ostaj" {rF+ Regen+ Dex+6}
   (You found it on level 3 of the Crypt)

   [amulet of regeneration]

   It affects your dexterity (+6).
   It protects you from fire.
   It increases your rate of regeneration.
 B - an uncursed ring of resist corrosion
 C - the ring of Dishonour {rC+ MR+ Str+4 Int+7 SInv}
   (You bought it in a shop on level 1 of the Depths)

   [ring of see invisible]

   It affects your strength (+4).
   It affects your intelligence (+7).
   It protects you from cold.
   It affects your resistance to hostile enchantments.
   It lets you see invisible.
 E - the amulet "Vieklorgh" (around neck) {RegenMP rElec rF- rN+++ Dex+8}
   (You found it in the Desolation of Salt)

   [amulet of magic regeneration]

   It increases your magic regeneration.
   It affects your dexterity (+8).
   It makes you vulnerable to fire.
   It insulates you from electricity.
   It renders you almost immune to negative energy.
 F - the ring of the Exiled Songs {rN+ SInv}
   (You found it on level 3 of the Crypt)

   [ring of positive energy]

   It protects you from negative energy.
   It lets you see invisible.
 I - the ring "Vuviake" (right hand) {rF+ rN+ MP+9 Str+4}
   (You found it on level 3 of the Crypt)

   [ring of positive energy]

   It affects your strength (+4).
   It protects you from fire.
   It protects you from negative energy.
   It affects your magic capacity (+9).
 P - the ring of the Circus Animal (left hand) {rPois Str+3 Int+3}
   (You took it off a vault guard on level 5 of the Vaults)

   [ring of strength]

   It affects your strength (+3).
   It affects your intelligence (+3).
   It protects you from poison.
Wands
 e - a wand of polymorph (7)
 J - a wand of digging (28)
 V - a wand of acid (35)
 Y - a wand of clouds (11)
Scrolls
 g - 2 scrolls of magic mapping
 i - 10 scrolls of fog
 k - 10 scrolls of remove curse
 m - 17 scrolls of teleportation
 z - 3 scrolls of summoning
 N - 8 scrolls of fear
 S - 2 scrolls of identify
 X - 3 scrolls of silence
Potions
 h - 17 potions of curing
 j - 13 potions of flight
 l - a potion of resistance
 o - 2 potions of heal wounds
 s - a potion of brilliance
 x - a potion of might
 G - 4 potions of cancellation
 L - a potion of magic
 M - 6 potions of ambrosia
Miscellaneous
 n - a fan of gales (inert)
 H - a lightning rod (4/4)
 K - the horn of Geryon
 U - a lamp of fire
 W - a phantom mirror
Comestibles
 c - 64 rations


   Skills:
 O Level 27 Fighting
 - Level 20.2 Polearms
 - Level 21.1 Armour
 O Level 27 Dodging
 * Level 26.3 Stealth
 * Level 16.5 Evocations


You had 26 spell levels left.
You didn't know any spells.
Your spell library contained the following spells:

 Spells                   Type           Power        Failure   Level  Hunger
 Animate Skeleton         Necr           N/A          52%         1    ##.....
 Apportation              Tloc           #.....       52%         1    ##.....
 Confusing Touch          Hex            #.....       52%         1    ##.....
 Corona                   Hex            #......      52%         1    ##.....
 Magic Dart               Conj           #...         52%         1    ##.....
 Pain                     Necr           #...         52%         1    ##.....
 Sandblast                Erth           #.....       52%         1    ##.....
 Sting                    Conj/Pois      #...         52%         1    ##.....
 Summon Butterflies       Summ           #.......     52%         1    ##.....
 Summon Small Mammal      Summ           #...         52%         1    ##.....
 Blink                    Tloc           N/A          67%         2    ###....
 Call Imp                 Summ           #.......     67%         2    ###....
 Corpse Rot               Necr           N/A          67%         2    ###....
 Ensorcelled Hibernation  Hex/Ice        #.....       67%         2    ###....
 Passwall                 Tmut/Erth      #.......     67%         2    ###....
 Poisonous Vapours        Pois/Air       #.....       67%         2    ###....
 Searing Ray              Conj           #.....       67%         2    ###....
 Shroud of Golubria       Chrm/Tloc      #.....       67%         2    ###....
 Slow                     Hex            #.......     67%         2    ###....
 Sublimation of Blood     Necr           #.........   67%         2    ###....
 Swiftness                Chrm/Air       #.......     67%         2    ###....
 Confuse                  Hex            #.......     88%         3    ####...
 Conjure Flame            Conj/Fire      #.......     88%         3    ####...
 Dazzling Spray           Conj/Hex       #.....       88%         3    ####...
 Gell's Gravitas          Tloc           #.........   88%         3    ####...
 Ignite Poison            Fire/Tmut/Pois #.......     88%         3    ####...
 Mephitic Cloud           Conj/Pois/Air  #.......     88%         3    ####...
 Portal Projectile        Hex/Tloc       #.....       88%         3    ####...
 Regeneration             Chrm/Necr      #.........   88%         3    ####...
 Stone Arrow              Conj/Erth      #.....       88%         3    ####...
 Teleport Other           Tloc           #.......     88%         3    ####...
 Tukima's Dance           Hex            #.......     88%         3    ####...
 Vampiric Draining        Necr           #.........   88%         3    ####...
 Animate Dead             Necr           N/A          99%         4    #####..
 Force Lance              Conj/Tloc      #.......     99%         4    #####..
 Fulminant Prism          Conj/Hex       #.........   99%         4    #####..
 Ice Form                 Ice/Tmut       #.......     99%         4    #####..
 Iskenderun's Mystic Bla  Conj           #.......     99%         4    #####..
 Olgreb's Toxic Radiance  Pois           #.......     99%         4    #####..
 Passage of Golubria      Tloc           N/A          99%         4    #####..
 Petrify                  Tmut/Erth      #.......     99%         4    #####..
 Sticky Flame             Conj/Fire      #.......     99%         4    #####..
 Summon Lightning Spire   Summ/Air       #.......     99%         4    #####..
 Agony                    Necr           #.......     100%        5    ######.
 Blade Hands              Tmut           #.........   100%        5    ######.
 Bolt of Draining         Conj/Necr      #.........   100%        5    ######.
 Borgnjor's Vile Clutch   Necr/Erth      #.........   100%        5    ######.
 Excruciating Wounds      Chrm/Necr      #.........   100%        5    ######.
 Irradiate                Conj/Tmut      #.........   100%        5    ######.
 Lee's Rapid Deconstruct  Erth           #.........   100%        5    ######.
 Lightning Bolt           Conj/Air       #.........   100%        5    ######.
 Metabolic Englaciation   Hex/Ice        #.........   100%        5    ######.
 Silence                  Hex/Air        #.........   100%        5    ######.
 Venom Bolt               Conj/Pois      #.........   100%        5    ######.
 Yara's Violent Unravell  Hex/Tmut       #.........   100%        5    ######.
 Bolt of Cold             Conj/Ice       #.........   100%        6    #######
 Conjure Ball Lightning   Conj/Air       #.........   100%        6    #######
 Darkness                 Hex            #.........   100%        6    #######
 Deflect Missiles         Chrm/Air       #.........   100%        6    #######
 Freezing Cloud           Conj/Ice/Air   #.........   100%        6    #######
 Hydra Form               Tmut           #.........   100%        6    #######
 Invisibility             Hex            #.......     100%        6    #######
 Iron Shot                Conj/Erth      #.........   100%        6    #######
 Ozocubu's Refrigeration  Ice            #.........   100%        6    #######
 Simulacrum               Ice/Necr       #.........   100%        6    #######
 Statue Form              Tmut/Erth      #........    100%        6    #######
 Dragon Form              Tmut           #.........   100%        7    #######
 Malign Gateway           Summ/Tloc      #.........   100%        7    #######
 Ring of Flames           Chrm/Fire      #.........   100%        7    #######
 Spellforged Servitor     Conj/Summ      #.........   100%        7    #######
 Shatter                  Erth           #.........   100%        9    #######
 Tornado                  Air            #.........   100%        9    #######


Dungeon Overview and Level Annotations

Branches:
Dungeon (15/15)            Temple (0/1) D:5            Lair (6/6) D:8
  Swamp (4/4) Lair:3        Snake (4/4) Lair:3        Slime (5/5) Lair:6
    Orc (2/2) D:11            Elf (3/3) Orc:2        Vaults (5/5) D:14
  Crypt (3/3) Vaults:3       Tomb (0/3) Crypt:3      Depths (5/5) D:15
   Hell (1/1)                 Dis (0/7) Hell            Geh (0/7) Hell
    Coc (0/7) Hell            Tar (0/7) Hell            Zot (5/5) Depths:5

Altars:
Elyvilon
Fedhas
Gozag
Hepliaklqana
Kikubaaqudgha
Makhleb
Trog
Vehumet
Xom
Yredelemnul
Jiyva

Shops:
D:11 }   D:14 }   Orc:1 [   Orc:2 !!([   Elf:2 *   Snake:1 [   Snake:2 (%
Vaults:5 !?%=   Depths:1 %=[

Portals:
Hell: Depths:1 Depths:2 Depths:3 Depths:4 Depths:5
Abyss: Depths:4
Pandemonium: Depths:3
Ziggurat: Depths:1
Trove: Vaults:3 (give +5 demon blade)

Annotations:
Lair:5 exclusion: oklob plant
Elf:2 3 runed translucent doors
Vaults:4 Vaults, Depths, V:5, Slime, Abyss, Zot, Clear


Innate Abilities, Weirdness & Mutations

You revert to your normal form in water.
You are very nimble and swift while swimming.
You are very stealthy in the water. (Stealth+)
You have a pair of small horns on your head.
Scrolls take you longer to read.
You possess an exceptional clarity of mind.
You occasionally shout uncontrollably at your foes.
You are covered in fur. (AC +1)
Potions are less effective at restoring your health.
Your spells are a little easier to cast, but a little less powerful.


Message History

Wield which item (- for none, * to show all)? (? for menu, Esc to quit)
Okay, then.
Okay, then.
Your deep troll goes berserk!
You are feeling hungry.
The Orb Guardian completely misses you. The Orb Guardian hits you.
* * * LOW HITPOINT WARNING * * *
The Orb Guardian hits you!!
* * * LOW HITPOINT WARNING * * *
The tentacled monstrosity completely misses you.
The tentacled monstrosity misses you.
The tentacled monstrosity completely misses you.
The tentacled monstrosity constricts you.
The Orb Guardian completely misses you.
Unknown command.
Unknown command.
Unknown command.
Your system partially rejects the healing.
You feel much better. The Orb Guardian hits you!!!
You die...

......................▓▓.,,,,,,,,
......................▓..,,,,,,,,
▓.....^..........y.......,,,,,,,,
.............^........▓,,,,,,,,,,
..................../.▓*,,,,,,,,,
.............X.......^▓**,,,,,,,*
.................T.y..▓ *********
................XX...▓▓
........^..X...X@..▓▓▓
▓▓▓....X..(....X▓▓▓▓
▓▓▓▓▓▓▓▓▓▓▓▓▓▓▓


You could see a tentacled monstrosity, 5 Orb Guardians, 2 moths of wrath and a
friendly deep troll (berserk).

Vanquished Creatures
  the Royal Jelly (Slime:5)
  7 ancient liches
  6 orbs of fire (Zot:5)
  2 juggernauts
  Sojobo (Depths:5)
  The ghost of Ywuol the Warrior, a veteran GrFi of the Shining One (Crypt:2)
  4 Killer Klowns
  Bai Suzhen (Vaults:2)
  Xtahua (Vaults:5)
  6 curse toes
  2 caustic shrikes
  8 golden dragons
  Geryon (Hell)
  Nikola (Swamp:2)
  3 electric golems
  10 liches
  2 bone dragons
  A hellephant (Hell)
  Jorgrun (Swamp:2)
  Rupert (Lair:3)
  12 tentacled monstrosities
  Asterion (Snake:1)
  19 Orb Guardians (Zot:5)
  2 deep elf blademasters (Elf:3)
  4 titans
  2 deep elf master archers (Elf:3)
  2 quicksilver dragons
  2 Executioners (Abyss:4)
  26 acid blobs
  8 ancient champions
  12 storm dragons
  2 sphinxes
  12 tentacled starspawn
  11 tengu reavers
  4 death cobs
  Kirke (D:12)
  5 draconian monks
  12 azure jellies
  3 revenants
  13 fire giants
  8 nagarajas
  A draconian knight (Depths:5)
  13 shadow dragons
  A fire giant (shapeshifter) (Depths:3)
  A ghost moth (shapeshifter) (Depths:4)
  6 deep elf sorcerers
  5 ghost moths
  14 frost giants
  3 cacodemons (Abyss:4)
  6 iron dragons
  3 imperial myrmidons (Desolation)
  14 vault wardens
  Aizul (Crypt:1)
  A caustic shrike zombie (Depths:1)
  3 deep elf elementalists
  A curse skull (Crypt:3)
  2 draconian shifters
  6 reapers
  2 balrugs
  2 draconian annihilators
  2 draconian stormcallers
  2 spriggan defenders
  2 entropy weavers
  9 ghouls
  2 angels
  27 very ugly things
  23 stone giants
  2 ophanim (Abyss:5)
  A juggernaut skeleton (Depths:1)
  6 green draconians
  9 black draconians
  7 vampire knights
  7 deep elf demonologists
  14 ironheart preservers
  6 white draconians
  6 yellow draconians
  7 deep elf annihilators
  A halazid warlock (Desolation)
  5 spark wasps
  A dire elephant (D:15)
  3 purple draconians
  6 red draconians
  3 crystal guardians (Desolation)
  6 eidola
  5 blizzard demons
  16 ettins
  The ghost of hemabe the Covert, a journeyman HuAr of Trog (D:12)
  4 deep elf death magi
  12 fire dragons
  A green death (Abyss:2)
  2 jiangshi (Depths:4)
  3 death oozes (Slime:5)
  19 yaktaur captains
  5 ragged hierophants (Desolation)
  Fannar (D:12)
  10 great orbs of eyes
  5 deep elf high priests
  2 servants of whispers (Desolation)
  A hydra (shapeshifter) (Depths:2)
  14 hydras
  13 ice dragons
  5 shambling mangroves
  11 rakshasas
  Erica (D:11)
  9 spriggan air magi
  31 vault guards
  6 peacekeepers
  13 centaur warriors
  8 death knights
  2 ghost crabs
  A catoblepas (D:15)
  20 naga warriors
  3 anacondas
  A queen ant (shapeshifter) (Depths:4)
  25 dancing weapons
  7 deep troll shamans
  14 ogre magi
  5 hell hogs
  5 tengu warriors
  19 alligators
  A two-headed ogre (shapeshifter) (Elf:2)
  9 death yaks
  33 two-headed ogres
  20 naga sharpshooters
  11 spriggan berserkers
  2 titan zombies
  3 orc high priests (Orc:2)
  2 vampire magi
  11 deep troll earth magi
  7 sun demons
  18 thrashing horrors
  18 deep elf knights
  A storm dragon zombie (Vaults:1)
  9 shock serpents
  8 soul eaters
  An iron golem (Hell)
  16 hell knights
  A salamander mystic (Snake:3)
  A sixfirhy (Abyss:4)
  14 wretched stars
  5 shadow wraiths
  34 skeletal warriors
  3 titan skeletons
  4 spatial maelstroms
  An iron troll (Depths:3)
  A fire crab (shapeshifter) (Vaults:5)
  A sea snake (Snake:4)
  A spriggan druid (Swamp:4)
  2 cherubim (Abyss:5)
  2 unseen horrors
  A spark wasp zombie (Crypt:1)
  8 flayed ghosts
  26 deep trolls
  3 storm dragon skeletons
  A quicksilver dragon simulacrum (Crypt:2)
  30 deep elf archers
  5 naga ritualists
  A deep troll (shapeshifter) (Depths:4)
  2 wizards
  An iron giant skeleton (Crypt:3)
  A golden dragon zombie (Depths:1)
  12 ironbrand convokers
  6 glowing orange brains
  8 phantasmal warriors
  8 necromancers
  A glowing orange brain (shapeshifter) (Vaults:2)
  A shadow dragon zombie (Depths:1)
  2 obsidian statues
  10 orc knights
  A harpy (shapeshifter) (Elf:1)
  A frost giant zombie (Abyss:3)
  4 swamp dragons
  66 deep elf magi
  2 iron dragon zombies
  3 tengu skeletons
  A wolf spider zombie (Crypt:3)
  6 cyclopes
  2 wolf spiders
  A human zombie (Vaults:3)
  A shadow dragon skeleton (Depths:1)
  An anaconda skeleton (Hell)
  An iron dragon skeleton (Depths:1)
  2 shining eyes
  6 orc sorcerers
  3 salamanders
  8 moths of wrath
  2 worldbinders
  A salamander (shapeshifter) (Depths:3)
  10 mana vipers
  100 slime creatures
  The ghost of alpinistek the Covered, a novice DsFE (D:8)
  45 ugly things
  3 manticores
  28 naga magi
  4 elephants (Lair:5)
  A frost giant skeleton (Crypt:3)
  12 guardian serpents
  5 human skeletons
  3 apocalypse crabs
  A dire elephant zombie (Crypt:2)
  A guardian serpent (shapeshifter) (Vaults:5)
  2 centaur zombies
  17 vault sentinels
  A black mamba (shapeshifter) (Abyss:4)
  5 ice statues
  9 rust devils
  5 eyes of devastation
  40 black mambas
  2 stone giant skeletons
  A molten gargoyle (Desolation)
  3 spriggan zombies (Depths:1)
  3 orange demons
  2 gargoyles
  12 smoke demons
  A purple draconian zombie (Crypt:1)
  13 spiny frogs
  A spriggan skeleton (Depths:1)
  A hellion (Hell)
  2 fire giant skeletons
  45 large abominations
  A minotaur zombie (Gauntlet)
  57 yaktaurs
  A shock serpent skeleton (Crypt:3)
  3 spiny frogs (shapeshifter)
  A komodo dragon (shapeshifter) (Depths:5)
  19 freezing wraiths
  An elf skeleton (Depths:1)
  3 rime drakes
  An efreet (D:13)
  3 ice devils
  6 komodo dragons
  A kobold demonologist (D:15)
  4 guardian mummies
  5 hellwings
  2 hydra zombies
  6 polar bears
  8 tyrant leeches
  3 red devils
  A meliai (shapeshifter) (Elf:2)
  A polar bear (shapeshifter) (Vaults:4)
  8 ancient zymes
  A merfolk (shapeshifter) (Depths:4)
  2 tengu conjurers
  2 trolls (shapeshifter)
  An iron troll skeleton (Crypt:1)
  6 trolls
  40 saltlings
  A tengu simulacrum (Vaults:5)
  A wolf spider simulacrum (Crypt:2)
  32 hornets
  3 meliai (D:14)
  30 raiju
  An ettin zombie (Crypt:1)
  A harpy skeleton (Abyss:2)
  21 blink frogs
  3 elf zombies (Depths:1)
  13 hippogriffs
  A guardian serpent skeleton (Crypt:3)
  5 air elementals
  8 bog bodies
  17 flying skulls
  4 water elementals
  An alligator skeleton (Hell)
  An ice dragon skeleton (Crypt:3)
  2 spriggans (shapeshifter)
  2 shadows
  A tarantella (Vaults:2)
  2 vampires
  A redback (shapeshifter) (Vaults:5)
  A wyvern (D:8)
  17 wraiths
  8 ynoxinuls
  2 redbacks (Vaults:4)
  26 spriggans
  2 humans (shapeshifter)
  6 fire elementals
  7 golden eyes
  3 hogs (D:12)
  3 humans (D:12)
  3 basilisks
  A fire bat (shapeshifter) (Depths:5)
  48 yaks
  10 neqoxecs
  2 fire bats
  A hungry ghost (D:11)
  Grum (D:11)
  3 swamp worm simulacra (Swamp:4)
  19 vampire mosquitoes
  3 chaos spawn
  5 insubstantial wisps
  8 spatial vortices
  42 nagas
  A spiny frog zombie (Hell)
  A glowing shapeshifter zombie (Crypt:1)
  9 wargs
  15 swamp worms
  A deep troll zombie (Vaults:3)
  5 acid dragons
  A soldier ant (D:14)
  16 hydra simulacra (Swamp:4)
  21 water moccasins
  A monstrous demonspawn skeleton (Crypt:3)
  A soldier ant (shapeshifter) (Abyss:4)
  2 floating eyes (Depths:4)
  7 porcupines
  A floating eye (shapeshifter) (Depths:3)
  Purgy (Sewer)
  9 ice beasts
  6 sky beasts
  3 phantoms
  30 orc warriors
  An eye of draining (shapeshifter) (Abyss:4)
  9 eyes of draining
  8 black bears
  A snapping turtle zombie (Crypt:2)
  2 swamp drakes
  7 necrophages
  42 ogres
  A torpor snail zombie (Crypt:2)
  19 boggarts
  A swamp dragon zombie (Crypt:2)
  40 wolves
  An alligator simulacrum (Hell)
  21 centaurs
  A fire crab zombie (Crypt:2)
  14 crocodiles
  13 bullfrogs
  4 earth elementals (Elf:2)
  3 big kobolds
  A wyvern zombie (D:13)
  2 yaktaur skeletons
  A gnoll sergeant (D:7)
  3 wyvern skeletons
  A queen bee zombie (Crypt:3)
  A scorpion (shapeshifter) (Vaults:5)
  31 small abominations
  5 scorpions
  5 killer bees (D:9)
  16 wights
  4 electric eels
  2 howler monkeys (D:7)
  7 crimson imps
  44 starcursed masses
  2 bullfrog zombies
  A demonspawn zombie (Crypt:2)
  10 jellies
  7 quasits
  3 hounds
  A hound (shapeshifter) (Vaults:5)
  5 bullfrog skeletons
  2 centaur skeletons
  25 orc priests
  22 orc wizards
  2 iguanas
  8 iron imps
  8 worker ants
  6 hell rats (Hell)
  2 tengu zombies
  An acid dragon skeleton (Crypt:1)
  A naga skeleton (Crypt:3)
  A hound skeleton (D:11)
  5 worker ant zombies
  10 gnolls
  A howler monkey zombie (D:8)
  A howler monkey skeleton (D:10)
  12 adders
  3 shadow imps
  5 white imps
  An ufetubus (WizLab)
  2 oozes
  5 swamp drake simulacra (Swamp:4)
  2 adder zombies
  3 worms
  2 dart slugs (D:2)
  10 leopard geckos
  81 orcs
  6 bats
  4 giant cockroaches
  7 goblins
  7 hobgoblins
  9 jackals
  13 kobolds
  8 quokkas
  5 ball pythons
  5 frilled lizards
  2 frilled lizard skeletons
  A giant cockroach zombie (D:5)
  A kobold skeleton (Crypt:2)
  A leopard gecko zombie (D:7)
  An orc zombie (Crypt:3)
  A quokka skeleton (D:6)
  7 rats
  A rat zombie (Crypt:2)
  A crawling corpse (Crypt:3)
  2 lurking horrors
  6 starspawn tentacles
2960 creatures vanquished.

Vanquished Creatures (collateral kills)
  A lorocyproca (Hell)
  A minotaur (Gauntlet)
  2 ragged hierophants (Desolation)
  A servant of whispers (Desolation)
  2 hell hogs (Hell)
  A sun demon (Hell)
  A soul eater (Hell)
  2 skeletal warriors (Hell)
  2 alligator zombies (Hell)
  2 fire elementals (Hell)
  An iron imp (Hell)
16 creatures vanquished.

Vanquished Creatures (others)
  An eldritch tentacle (WizLab)
  A thorn hunter (Swamp:4)
  An ironheart preserver (Vaults:1)
  A purple draconian (Zot:2)
  A black draconian (Zot:1)
  A hydra (Swamp:4)
  2 anacondas (Snake:2)
  A deep elf knight (Elf:2)
  A necromancer (Crypt:2)
  A deep elf mage (Elf:1)
  A smoke demon (Hell)
  A hornet (Vaults:5)
  2 water elementals
  A shock serpent simulacrum (Abyss:4)
  An insubstantial wisp (Swamp:1)
  A small abomination (Abyss:4)
  A boggart (Depths:4)
  An ogre (Vaults:5)
  4 bushes (Elf:2)
  A crawling corpse (Crypt:3)
  A fungus (Lair:3)
  2 lurking horrors
  5 plants
  19 starspawn tentacles
  A withered plant (Gauntlet)
53 creatures vanquished.

Grand Total: 3029 creatures vanquished

Notes
Turn   | Place    | Note
-------+----------+-------------------------------------------
     0 | D:1      | Inquire the Merfolk Berserker began the quest for the Orb.
     0 | D:1      | Reached XP level 1. HP: 18/18 MP: 1/1
   227 | D:1      | Reached XP level 2. HP: 24/24 MP: 2/2
   976 | D:1      | Reached XP level 3. HP: 30/30 MP: 3/3
  1047 | D:1      | Reached skill level 5 in Polearms
  1377 | D:2      | Reached ** piety under Trog
  1475 | D:2      | Found a radiant altar of Vehumet.
  1863 | D:2      | Reached XP level 4. HP: 31/37 MP: 4/4
  2259 | D:3      | Found a glowing drain.
  2444 | Sewer    | Entered a sewer
  2521 | Sewer    | Noticed Purgy
  2553 | Sewer    | Killed Purgy
  2553 | Sewer    | Reached skill level 5 in Dodging
  2553 | Sewer    | Reached XP level 5. HP: 43/43 MP: 5/5
  2860 | D:3      | Reached XP level 6. HP: 36/50 MP: 6/6
  3057 | D:4      | Noticed a phantom
  3143 | D:4      | Reached skill level 5 in Fighting
  3158 | D:4      | Reached skill level 1 in Evocations
  3417 | D:4      | Reached *** piety under Trog
  3482 | D:4      | Found a white marble altar of Elyvilon.
  3621 | D:4      | Found a shimmering altar of Xom.
  3758 | D:5      | Entered Level 5 of the Dungeon
  3826 | D:5      | Found a staircase to the Ecumenical Temple.
  3833 | D:5      | Reached XP level 7. HP: 56/56 MP: 8/8
  4761 | D:6      | Reached XP level 8. HP: 21/64 MP: 10/10
  5930 | D:6      | Found an opulent altar of Gozag.
  5930 | D:6      | Found a burning altar of Makhleb.
  5930 | D:6      | Found a blossoming altar of Fedhas.
  6615 | D:6      | Reached **** piety under Trog
  7030 | D:7      | Reached XP level 9. HP: 67/72 MP: 12/12
  7077 | D:7      | Found a shimmering altar of Xom.
  7557 | D:7      | Reached skill level 5 in Evocations
  8320 | D:8      | Reached skill level 10 in Polearms
  8941 | D:9      | Noticed a troll
  8951 | D:9      | Killed a troll
  9970 | D:10     | Entered Level 10 of the Dungeon
 10046 | D:8      | Reached XP level 10. HP: 82/82 MP: 14/14
 10156 | D:8      | Found a staircase to the Lair.
 10275 | D:8      | Reached skill level 10 in Dodging
 10315 | D:8      | Found a runed translucent door.
 10315 | D:8      | Found a shimmering altar of Xom.
 10315 | D:8      | Noticed a +0 spear of chaos
 10315 | D:8      | Noticed alpinistek's ghost (novice DsFE)
 10867 | D:10     | Noticed a two-headed ogre
 10877 | D:10     | Killed a two-headed ogre
 11019 | D:10     | Reached ***** piety under Trog
 11446 | D:10     | Got a twisted robe
 11769 | D:11     | Noticed a cyclops
 11990 | D:11     | Noticed a two-headed ogre
 12027 | D:11     | Reached XP level 11. HP: 79/90 MP: 16/16
 12048 | D:11     | Received a gift from Trog
 12072 | D:11     | Killed a two-headed ogre
 12072 | D:11     | Reached skill level 10 in Fighting
 12152 | D:11     | Noticed Grum
 12154 | D:11     | Noticed Erica
 12163 | D:11     | Killed Grum
 12231 | D:11     | Killed Erica
 12259 | D:11     | Got an encrusted glaive {god gift}
 12260 | D:11     | Identified the +8 glaive "Giach" {flame, Str+5} (Trog
                  | gifted it to you on level 11 of the Dungeon)
 12278 | D:11     | Noticed a cyclops
 12303 | D:11     | Killed a cyclops
 12337 | D:11     | Killed a cyclops
 12511 | D:11     | Found a staircase to the Orcish Mines.
 12556 | D:11     | Identified the cursed +0 robe of Pediv {rC+} (You found it
                  | on level 10 of the Dungeon)
 12606 | D:11     | Found Fiyckerr's Gadget Boutique.
 12617 | D:11     | Bought a wand of digging (3) for 168 gold pieces
 12617 | D:11     | Bought a wand of acid (6) for 240 gold pieces
 12742 | D:12     | Noticed a purple ugly thing
 12751 | D:12     | Killed a purple ugly thing
 12948 | D:12     | Reached XP level 12. HP: 100/100 MP: 18/18
 13214 | D:12     | Noticed Fannar
 13223 | D:12     | Killed Fannar
 13308 | D:12     | Noticed a two-headed ogre
 13609 | D:13     | Noticed a rakshasa
 13631 | D:13     | Killed a rakshasa
 14519 | D:12     | Reached skill level 15 in Polearms
 14542 | D:12     | Noticed Kirke
 14548 | D:12     | Killed Kirke
 14584 | D:12     | Found a runed translucent gate.
 14584 | D:12     | Found a runed translucent gate.
 14586 | D:12     | Found a runed translucent gate.
 14591 | D:12     | Got a brightly glowing ring mail
 14598 | D:12     | Noticed hemabe's ghost (journeyman HuAr)
 14621 | D:12     | Killed a two-headed ogre
 14709 | D:12     | Noticed a four-headed hydra
 14724 | D:12     | Received a gift from Trog
 14732 | D:12     | Killed a one-headed hydra
 14740 | D:12     | Reached XP level 13. HP: 109/109 MP: 19/19
 14897 | D:12     | Identified the cursed +1 ring mail "Qagh" {Regen+ Str-2
                  | Dex+3 SInv} (You found it on level 12 of the Dungeon)
 15012 | Orc:1    | Entered Level 1 of the Orcish Mines
 15167 | Orc:1    | Received a gift from Trog
 15366 | Orc:1    | Found Secot's Antique Armour Shoppe.
 15381 | Orc:1    | Bought a pair of gloves for 148 gold pieces
 15381 | Orc:1    | Bought a helmet for 148 gold pieces
 15391 | Orc:1    | Bought a distressingly furry scale mail for 297 gold pieces
 15497 | Orc:2    | Entered Level 2 of the Orcish Mines
 15516 | Orc:2    | Found a staircase to the Elven Halls.
 15735 | Orc:2    | Found a frozen archway.
 15755 | IceCv    | Entered an ice cave
 15823 | IceCv    | Reached skill level 15 in Dodging
 16284 | Lair:1   | Entered Level 1 of the Lair of Beasts
 16292 | Lair:1   | Identified the cursed +0 scale mail "Ugheq" {Stlth+} (You
                  | bought it in a shop on level 1 of the Orcish Mines)
 16646 | Lair:1   | Found the +9 scales of the Dragon King {rPois rF+ rC+ MR+}
 17452 | Lair:2   | Received a gift from Trog
 18183 | Lair:3   | Found a staircase to the Snake Pit.
 18326 | Lair:3   | Noticed Rupert
 18340 | Lair:3   | Killed Rupert
 18340 | Lair:3   | Reached XP level 14. HP: 120/120 MP: 20/20
 18455 | Lair:3   | Received a gift from Trog
 18491 | Lair:3   | Found a staircase to the Swamp.
 19099 | Lair:4   | Found a gate leading to a gauntlet.
 19117 | Gauntlet | Entered a Gauntlet
 19117 | Gauntlet | Found a transporter.
 19124 | Gauntlet | Found a transporter.
 19126 | Gauntlet | Found a transporter.
 19135 | Gauntlet | Found a transporter.
 19137 | Gauntlet | Found a transporter.
 19143 | Gauntlet | Found a runed translucent gate.
 19145 | Gauntlet | Found a runed translucent gate.
 19145 | Gauntlet | Found a transporter.
 19146 | Gauntlet | Found a runed translucent gate.
 19167 | Gauntlet | Found a transporter.
 19177 | Gauntlet | Found a transporter.
 19187 | Gauntlet | Found a transporter.
 19207 | Gauntlet | Found a transporter.
 19222 | Gauntlet | Found a transporter.
 19222 | Gauntlet | Found a transporter.
 19269 | Gauntlet | Found a transporter.
 19283 | Gauntlet | Found a transporter.
 19454 | Gauntlet | Got a smoking hand crossbow
 19532 | Gauntlet | Got a distressingly furry helmet
 19560 | Gauntlet | Reached skill level 5 in Armour
 19658 | Lair:4   | Identified the +1 helmet of Boiling Hail {Str+4} (You found
                  | it in a Gauntlet)
 20751 | Lair:5   | Reached skill level 15 in Fighting
 21085 | Lair:6   | Entered Level 6 of the Lair of Beasts
 21200 | Lair:6   | Found a runed translucent door.
 21201 | Lair:6   | Found a viscous altar of Jiyva.
 21206 | Lair:6   | Found a staircase to the Slime Pits.
 21399 | Lair:6   | Reached ****** piety under Trog
 21407 | Lair:6   | Reached XP level 15. HP: 126/129 MP: 21/21
 21537 | Lair:6   | Received a gift from Trog
 22173 | Lair:6   | Identified the +6 hand crossbow of Reinforcement {freeze,
                  | rPois Str-2 Dex+4} (You found it in a Gauntlet)
 22731 | Orc:2    | Found Reidipniy's Antique Armour Emporium.
 22840 | Orc:2    | Found Maseirip's Weapon Shop.
 22846 | Orc:2    | Found Norru's Distillery.
 22848 | Orc:2    | Found Timpieddu's Distillery.
 22854 | Orc:2    | Bought a potion of invisibility for 104 gold pieces
 22854 | Orc:2    | Bought a potion of might for 52 gold pieces
 22854 | Orc:2    | Bought a potion of haste for 130 gold pieces
 22854 | Orc:2    | Bought a potion of invisibility for 104 gold pieces
 22854 | Orc:2    | Bought 2 potions of ambrosia for 208 gold pieces
 22856 | Orc:2    | Bought a potion of flight for 45 gold pieces
 22856 | Orc:2    | Bought a potion of flight for 45 gold pieces
 22856 | Orc:2    | Bought a potion of flight for 45 gold pieces
 22856 | Orc:2    | Bought a potion of heal wounds for 75 gold pieces
 22856 | Orc:2    | Bought a potion of invisibility for 120 gold pieces
 22856 | Orc:2    | Bought 2 potions of mutation for 240 gold pieces
 22856 | Orc:2    | Bought a potion of haste for 150 gold pieces
 23078 | D:14     | Found Otob's Gadget Shop.
 23094 | D:14     | Bought a wand of digging (6) for 280 gold pieces
 23354 | D:14     | Found a gate to the Vaults.
 23366 | D:14     | Received a gift from Trog
 23784 | D:14     | Got a jewelled ring mail
 23823 | D:15     | Entered Level 15 of the Dungeon
 23989 | D:15     | Reached XP level 16. HP: 113/138 MP: 22/22
 24018 | D:15     | Found a staircase to the Depths.
 24376 | D:15     | Identified the +2 ring mail of Cowardice {*Contam Int+4
                  | Dex+4} (You found it on level 14 of the Dungeon)
 24743 | Elf:1    | Entered Level 1 of the Elven Halls
 25030 | Elf:1    | Received a gift from Trog
 25967 | Elf:2    | Found Osiajyac's Assorted Antiques.
 26345 | Elf:2    | Received a gift from Trog
 26345 | Elf:2    | Reached XP level 17. HP: 139/147 MP: 23/23
 26527 | Elf:2    | Received a gift from Trog
 26530 | Elf:2    | Got a jewelled glaive {god gift}
 26569 | Elf:2    | Cast into level 3 of the Abyss (+1 trident of distortion)
 26651 | Abyss:3  | Paralysed by accursed screaming for 2 turns
 26652 | Abyss:3  | Noticed a tentacled starspawn
 26660 | Abyss:3  | Paralysed by accursed screaming for 1 turns
 26746 | Abyss:3  | Noticed a tentacled starspawn
 26759 | Abyss:3  | Killed a tentacled starspawn
 26779 | Abyss:3  | Noticed a tentacled starspawn
 26781 | Elf:2    | Escaped the Abyss
 26979 | Elf:2    | Found a runed translucent gate.
 26979 | Elf:2    | Found a runed translucent gate.
 26989 | Elf:2    | Found a runed translucent gate.
 27200 | Elf:3    | Entered Level 3 of the Elven Halls
 27492 | Snake:1  | Entered Level 1 of the Snake Pit
 27521 | Swamp:1  | Entered Level 1 of the Swamp
 27542 | Swamp:1  | Noticed a tentacled monstrosity
 27562 | Swamp:1  | Killed a tentacled monstrosity
 28270 | Swamp:2  | Noticed Nikola
 28287 | Swamp:2  | Killed Nikola
 28503 | Swamp:2  | Noticed Jorgrun
 28525 | Swamp:2  | Killed Jorgrun
 28525 | Swamp:2  | Reached XP level 18. HP: 158/158 MP: 24/24
 28862 | Swamp:3  | Received a gift from Trog
 28899 | Swamp:3  | Identified the +7 glaive of Uncertain Death {freeze,
                  | Stlth+} (Trog gifted it to you on level 2 of the Elven
                  | Halls)
 29372 | Swamp:4  | Entered Level 4 of the Swamp
 29925 | Swamp:4  | Received a gift from Trog
 30012 | Swamp:4  | Got a decaying rune of Zot
 30895 | Snake:1  | Identified the +0 shield of Bedevilment {+Inv rF- Int+2}
 30895 | Snake:1  | Noticed Asterion
 30906 | Snake:1  | Killed Asterion
 31162 | Snake:1  | Found Zaxtiemy's Antique Armour Shoppe.
 31168 | Snake:1  | Bought a twisted buckler for 256 gold pieces
 31168 | Snake:1  | Bought a spiked ring mail for 243 gold pieces
 31168 | Snake:1  | Bought a jewelled ring mail for 243 gold pieces
 31178 | Snake:1  | Identified the +4 ring mail "Erghatef" {+Inv} (You bought
                  | it in a shop on level 1 of the Snake Pit)
 31195 | Snake:1  | Identified the +5 ring mail of Untruth {Str+4 Dex+2 Slay+3}
                  | (You bought it in a shop on level 1 of the Snake Pit)
 31266 | Snake:1  | You fall into a shaft and drop 1 floor!
 31344 | Snake:2  | Received a gift from Trog
 31555 | Snake:2  | Found Taobbad's Antique Weapon Emporium.
 31576 | Snake:2  | Found Piantino's Food Shop.
 32032 | Snake:2  | Reached XP level 19. HP: 167/167 MP: 25/25
 32788 | Snake:3  | Received a gift from Trog
 32792 | Snake:3  | Identified the cursed -7 buckler of Coronation {*Drain
                  | rElec rCorr} (You bought it in a shop on level 1 of the
                  | Snake Pit)
 32794 | Snake:3  | Identified the +3 glaive of the Boiling Point {drain, rC+
                  | Str+3} (Trog gifted it to you on level 3 of the Snake Pit)
 33015 | Snake:4  | Entered Level 4 of the Snake Pit
 33540 | Snake:4  | Received a gift from Trog
 34143 | Snake:4  | Reached skill level 27 in Dodging
 34154 | Snake:4  | Got a serpentine rune of Zot
 34547 | D:8      | Killed alpinistek's ghost
 34738 | D:12     | Killed hemabe's ghost
 34738 | D:12     | Reached XP level 20. HP: 174/174 MP: 26/26
 34749 | D:12     | Identified the cursed +1 long sword of Opnist {vamp, rPois
                  | Int-2 Dex+3} (You found it on level 12 of the Dungeon)
 34756 | D:12     | Identified Sorcery in Simple Steps
 34836 | Vaults:1 | Entered Level 1 of the Vaults
 34950 | Vaults:1 | Received a gift from Trog
 35356 | Vaults:1 | Identified the cursed +1 leather armour "Zityig" {rC+ Str+2
                  | Int+3} (You found it on level 1 of the Vaults)
 35459 | Vaults:1 | Received a gift from Trog
 35494 | Vaults:1 | Got an encrusted plate armour
 35744 | Vaults:1 | Identified the +1 plate armour "Gyvvousi" {*Corrode +Inv
                  | Int+6 Stlth+} (You found it on level 1 of the Vaults)
 36316 | Vaults:2 | Reached skill level 1 in Stealth
 36354 | Vaults:2 | Found a ruined gateway.
 36373 | Desolati | Entered the Desolation of Salt
 36439 | Desolati | Got a bronze plate armour
 36441 | Desolati | Got warped fire dragon scales
 36445 | Desolati | Got a faintly glowing platinum amulet
 36448 | Desolati | Got a dazzling chain mail
 36605 | Desolati | Got a pair of translucent boots
 36618 | Desolati | Identified the cursed +0 pair of boots of the Vacuum {+Fly
                  | Int+3} (You found it in the Desolation of Salt)
 36627 | Desolati | Identified the Guide on Shifting Necromancy
 36629 | Desolati | Identified the Compendium of Excruciating Cold
 36680 | Desolati | Received a gift from Trog
 36727 | Desolati | Identified the Collected Works on Transmigration
 36853 | Desolati | Reached skill level 5 in Stealth
 36887 | Desolati | Got a clouded pewter amulet
 36900 | Desolati | Identified the Almanac of Clay
 37381 | Vaults:2 | Received a gift from Trog
 37381 | Vaults:2 | Reached XP level 21. HP: 182/187 MP: 27/27
 37415 | Vaults:2 | Identified the +2 chain mail of Divine Intervention {rN+
                  | Dex+2} (You found it in the Desolation of Salt)
 37425 | Vaults:2 | Identified the cursed +1 fire dragon scales of the Gate
                  | {+Fly rF++ rC- Dex+7 Stlth-} (You found it in the
                  | Desolation of Salt)
 37436 | Vaults:2 | Identified the cursed +1 plate armour of Aqalem {rF- Str+5
                  | Dex+2} (You found it in the Desolation of Salt)
 37730 | Vaults:2 | Received a gift from Trog
 38069 | Vaults:2 | Noticed Bai Suzhen
 38082 | Vaults:2 | Killed Bai Suzhen
 38577 | Vaults:2 | Identified the amulet of the Princeling {Gourm Stlth+} (You
                  | found it in the Desolation of Salt)
 38580 | Vaults:2 | Identified the amulet "Vieklorgh" {RegenMP rElec rF- rN+++
                  | Dex+8} (You found it in the Desolation of Salt)
 38698 | Vaults:3 | Received a gift from Trog
 39068 | Vaults:3 | Found a portal to a secret trove of treasure.
 39501 | Vaults:3 | Found a staircase to the Crypt.
 39501 | Vaults:3 | Found an ancient bone altar of Kikubaaqudgha.
 39502 | Vaults:3 | Found a basalt altar of Yredelemnul.
 39519 | Crypt:1  | Entered Level 1 of the Crypt
 39584 | Crypt:1  | Noticed Aizul
 39597 | Crypt:1  | Killed Aizul
 39611 | Crypt:1  | Received a gift from Trog
 39779 | Crypt:2  | Found a magical portal.
 39805 | WizLab   | Entered The Roulette of Golubria
 39805 | WizLab   | Found a transporter.
 39810 | WizLab   | Found a corrupted altar of Lugonu.
 39811 | WizLab   | Found the +1 cloak of Starlight {rElec rC+ EV+4 Stlth--}
 39838 | WizLab   | Found a transporter.
 39844 | WizLab   | Found a transporter.
 39856 | WizLab   | Found a transporter.
 39905 | WizLab   | Found a transporter.
 39937 | WizLab   | Found a transporter.
 39986 | WizLab   | Found a transporter.
 40020 | WizLab   | Found a transporter.
 40063 | WizLab   | Found a transporter.
 40078 | WizLab   | Found the +2 ratskin cloak {+Rats rPois rN+ Str-1 Int-1
                  | Dex+1}
 40093 | WizLab   | Found a transporter.
 40103 | WizLab   | Found a corrupted altar of Lugonu.
 40135 | WizLab   | Found a transporter.
 40147 | WizLab   | Found a transporter.
 40173 | WizLab   | Found a transporter.
 40193 | WizLab   | Found a corrupted altar of Lugonu.
 40296 | WizLab   | Found a transporter.
 40296 | WizLab   | Found a transporter.
 40326 | WizLab   | Found a transporter.
 40406 | WizLab   | Identified the cursed +0 cloak of Jigsaw {rF+} (You found
                  | it in a wizard's laboratory)
 40418 | WizLab   | Identified Sif Muna's Guide on the Voyage
 40456 | WizLab   | Found a transporter.
 40491 | WizLab   | Found a transporter.
 40499 | WizLab   | Reached skill level 10 in Stealth
 40554 | WizLab   | Found a transporter.
 40554 | WizLab   | Found a transporter.
 40860 | Crypt:3  | Entered Level 3 of the Crypt
 40870 | Crypt:3  | Reached XP level 22. HP: 186/196 MP: 28/28
 40920 | Crypt:3  | Received a gift from Trog
 41036 | Crypt:3  | Noticed a curse toe
 41200 | Crypt:2  | Found a runed translucent door.
 41235 | Crypt:2  | Found a shimmering altar of Xom.
 41235 | Crypt:2  | Noticed Ywuol's ghost (veteran GrFi)
 41264 | Crypt:2  | Killed Ywuol's ghost
 41933 | Crypt:3  | Found a staircase to the Tomb.
 42031 | Crypt:3  | Killed a curse toe
 42031 | Crypt:3  | Received a gift from Trog
 42087 | Crypt:3  | Reached skill level 10 in Armour
 42440 | Crypt:3  | Noticed an ancient lich
 42440 | Crypt:3  | Noticed an ancient lich
 42459 | Crypt:3  | Killed an ancient lich
 42463 | Crypt:3  | Killed an ancient lich
 42777 | Crypt:3  | Got a translucent amethyst amulet
 42777 | Crypt:3  | Got a wavering brass ring
 42777 | Crypt:3  | Got a vibrating copper ring
 42786 | Crypt:3  | Got a warped bronze ring
 42787 | Crypt:3  | Identified the Handbook of the Supportive Mountains
 42796 | Crypt:3  | Identified Vehumet's Papyrus of Attacks
 42811 | Crypt:3  | Identified the ring of the Exiled Songs {rN+ SInv} (You
                  | found it on level 3 of the Crypt)
 42815 | Crypt:3  | Identified the ring "Vuviake" {rF+ rN+ MP+9 Str+4} (You
                  | found it on level 3 of the Crypt)
 42817 | Crypt:3  | Identified the ring "Fuseh Rynau" {Ice Int+4} (You found it
                  | on level 3 of the Crypt)
 43066 | Crypt:1  | Identified the amulet "Ostaj" {rF+ Regen+ Dex+6} (You found
                  | it on level 3 of the Crypt)
 43224 | Crypt:1  | Reached XP level 23. HP: 131/205 MP: 29/29
 43848 | Vaults:3 | Received a gift from Trog
 44968 | Depths:1 | Entered Level 1 of the Depths
 44996 | Depths:1 | Found Atevyni's Antique Armour Shop.
 45004 | Depths:1 | Bought a distressingly furry ring mail for 396 gold pieces
 45070 | Depths:1 | Found Arofa's Jewellery Boutique.
 45150 | Depths:1 | Found Oskoogai's Food Emporium.
 45234 | Depths:1 | Received a gift from Trog
 45254 | Depths:1 | You fall into a shaft and drop 1 floor!
 45312 | Depths:2 | Noticed a caustic shrike
 45328 | Depths:2 | Killed a caustic shrike
 45403 | Depths:2 | Noticed a juggernaut
 45447 | Depths:2 | Killed a juggernaut
 45832 | Depths:2 | Reached skill level 15 in Stealth
 45851 | Depths:2 | Found a gateway to Hell.
 46362 | Depths:1 | Received a gift from Trog
 46401 | Depths:1 | Bought the ring of Dishonour {rC+ MR+ Str+4 Int+7 SInv} for
                  | 1038 gold pieces
 46471 | Depths:1 | Found a gateway to a ziggurat.
 46899 | Depths:1 | Found the +9 sword of Zonguldrok {reap}
 46908 | Depths:1 | Reached XP level 24. HP: 216/216 MP: 29/29
 47291 | Depths:3 | Noticed a caustic shrike
 47306 | Depths:3 | Killed a caustic shrike
 47440 | Depths:3 | Received a gift from Trog
 47475 | Depths:3 | Found a one-way gate leading to the halls of Pandemonium.
 47790 | Depths:3 | Identified the +0 ring mail of the Hills {+Fly rC+ rN+++}
                  | (You bought it in a shop on level 1 of the Depths)
 47876 | Depths:3 | Got an obsidian-encrusted chain mail
 48164 | Depths:3 | Identified a scroll of acquirement
 48167 | Depths:3 | Identified the +8 chain mail of Elinun {rF++ rN+ Dex+3}
                  | (You found it on level 3 of the Depths)
 48816 | Elf:3    | Found an ancient bone altar of Kikubaaqudgha.
 49337 | Elf:3    | Received a gift from Trog
 49340 | Elf:3    | Identified the +10 glaive "Huq Gystruqu" {holy, rElec rC++
                  | rN+ Str-5} (Trog gifted it to you on level 3 of the Elven
                  | Halls)
 49723 | Elf:3    | Got a slimy silver ring
 49743 | Elf:3    | Got a topaz-encrusted chain mail
 49855 | Elf:3    | Identified the +0 chain mail "Vuin" {rN++ rCorr Str-5 SInv}
                  | (You found it on level 3 of the Elven Halls)
 49856 | Elf:3    | Identified the ring of Quus {MR++ EV+4} (You found it on
                  | level 3 of the Elven Halls)
 50290 | Vaults:5 | Entered Level 5 of the Vaults
 50362 | Vaults:5 | Reached XP level 25. HP: 152/224 MP: 29/29
 50424 | Vaults:5 | Received a gift from Trog
 50448 | Vaults:5 | Noticed Xtahua
 50479 | Vaults:5 | Killed Xtahua
 50682 | Vaults:5 | Received a gift from Trog
 50870 | Vaults:5 | Got a silver rune of Zot
 51010 | Vaults:5 | Noticed an ancient lich
 51031 | Vaults:5 | Killed an ancient lich
 51059 | Vaults:5 | Found Ymusa's Food Shoppe.
 51147 | Vaults:5 | Found Ygiawiz's Magic Scroll Boutique.
 51152 | Vaults:5 | Bought a scroll of teleportation for 42 gold pieces
 51152 | Vaults:5 | Bought a scroll of magic mapping for 49 gold pieces
 51152 | Vaults:5 | Bought 3 scrolls of teleportation for 126 gold pieces
 51152 | Vaults:5 | Bought a scroll of fog for 28 gold pieces
 51165 | Vaults:5 | Bought a ration for 70 gold pieces
 51165 | Vaults:5 | Bought a ration for 70 gold pieces
 51165 | Vaults:5 | Bought a ration for 70 gold pieces
 51165 | Vaults:5 | Bought a ration for 70 gold pieces
 51165 | Vaults:5 | Bought a ration for 70 gold pieces
 51165 | Vaults:5 | Bought a ration for 70 gold pieces
 51165 | Vaults:5 | Bought a ration for 70 gold pieces
 51165 | Vaults:5 | Bought a ration for 70 gold pieces
 51165 | Vaults:5 | Bought a ration for 70 gold pieces
 51165 | Vaults:5 | Bought a ration for 70 gold pieces
 51171 | Vaults:5 | Found Remoil's Food Emporium.
 51187 | Vaults:5 | Found Ataofid's Distillery.
 51192 | Vaults:5 | Bought a potion of heal wounds for 115 gold pieces
 51192 | Vaults:5 | Bought a potion of heal wounds for 115 gold pieces
 51192 | Vaults:5 | Bought a potion of curing for 69 gold pieces
 51281 | Vaults:5 | Received a gift from Trog
 51281 | Vaults:5 | Reached XP level 26. HP: 234/236 MP: 29/29
 51325 | Vaults:5 | Identified the ring of the Circus Animal {rPois Str+3
                  | Int+3}
 51424 | Vaults:5 | Identified the cursed +0 trident of Accord {distort, Dex+3}
 51495 | Vaults:5 | Received a gift from Trog
 51527 | Vaults:5 | Found Difo's Jewellery Shop.
 51734 | Vaults:5 | Got a colourful robe
 52046 | Vaults:5 | Bought an uncursed ring of resist corrosion for 280 gold
                  | pieces
 52383 | Depths:4 | Reached skill level 27 in Fighting
 52505 | Depths:4 | Found a one-way gate to the infinite horrors of the Abyss.
 52734 | Depths:4 | Found a bloodstained altar of Trog.
 52735 | Depths:4 | Found a hazy altar of Hepliaklqana.
 52735 | Depths:4 | Found a shimmering altar of Xom.
 52756 | Depths:4 | Received a gift from Trog
 53052 | Depths:4 | Identified the cursed +1 robe of Card Tricks {MR+ rCorr}
                  | (You found it on level 5 of the Vaults)
 53121 | Depths:4 | Got a twisted ring mail
 53138 | Depths:4 | Got a bloodstained cloak
 53267 | Depths:4 | Reached XP level 27. HP: 248/248 MP: 29/29
 53305 | Depths:4 | Reached skill level 15 in Armour
 53362 | Depths:4 | Received a gift from Trog
 53366 | Depths:4 | Noticed an ancient lich
 53376 | Depths:4 | Killed an ancient lich
 53568 | Depths:5 | Entered Level 5 of the Depths
 53628 | Depths:5 | Received a gift from Trog
 53747 | Depths:5 | Noticed Sojobo
 53756 | Depths:5 | Killed Sojobo
 53902 | Depths:5 | Identified the +6 ring mail "Emuh" {+Blink rElec rPois
                  | Int-5} (You found it on level 4 of the Depths)
 53919 | Depths:5 | Found a gate to the Realm of Zot.
 53948 | Depths:5 | Identified the +2 cloak of Gaif {Str+5} (You found it on
                  | level 4 of the Depths)
 54669 | Hell     | Entered the Vestibule of Hell
 54669 | Hell     | Noticed Geryon
 54753 | Depths:4 | Received a gift from Trog
 55023 | Hell     | Received a gift from Trog
 55147 | Hell     | Killed Geryon
 55290 | Hell     | Found a gateway to the ashen valley of Gehenna.
 55339 | Hell     | Found a gateway to the decaying netherworld of Tartarus.
 55399 | Hell     | Found a gateway to the freezing wastes of Cocytus.
 55470 | Hell     | Found a gateway to the Iron City of Dis.
 55577 | Hell     | Identified the +3 bardiche of Corporal Punishment {freeze,
                  | Str+3 Int+4 Dex+3} (Trog gifted it to you in the Vestibule
                  | of Hell)
 55584 | Depths:4 | Voluntarily entered the Abyss.
 55892 | Abyss:2  | Found a shimmering altar of Xom.
 55903 | Abyss:2  | Found a corrupted altar of Lugonu.
 55911 | Abyss:2  | Found a shimmering altar of Xom.
 55912 | Abyss:2  | Found a shimmering altar of Xom.
 55912 | Abyss:2  | Found a shimmering altar of Xom.
 55912 | Abyss:2  | Found a shimmering altar of Xom.
 55912 | Abyss:2  | Found a shimmering altar of Xom.
 55912 | Abyss:2  | Found a shimmering altar of Xom.
 55912 | Abyss:2  | Found a shimmering altar of Xom.
 55914 | Abyss:2  | Found a shimmering altar of Xom.
 55914 | Abyss:2  | Found a shimmering altar of Xom.
 55914 | Abyss:2  | Found a shimmering altar of Xom.
 55914 | Abyss:2  | Found a shimmering altar of Xom.
 55914 | Abyss:2  | Found a shimmering altar of Xom.
 55919 | Abyss:2  | Found a shimmering altar of Xom.
 55951 | Abyss:2  | Noticed an ancient lich
 55958 | Abyss:2  | Killed an ancient lich
 56133 | Abyss:2  | Found a corrupted altar of Lugonu.
 56272 | Abyss:2  | Received a gift from Trog
 56648 | Abyss:3  | Paralysed by accursed screaming for 1 turns
 56810 | Abyss:3  | Paralysed by accursed screaming for 1 turns
 56987 | Abyss:4  | Received a gift from Trog
 57020 | Abyss:4  | Gained mutation: You are dopey. (Int -2) [a neqoxec]
 57325 | Abyss:4  | Paralysed by accursed screaming for 1 turns
 57383 | Abyss:4  | Found a corrupted altar of Lugonu.
 57528 | Abyss:4  | Received a gift from Trog
 57720 | Abyss:4  | Gained mutation: Your body sometimes deteriorates upon
                  | taking damage. [a cacodemon]
 57731 | Abyss:4  | Gained mutation: Armour fits poorly on your strangely
                  | shaped body. [a cacodemon]
 57847 | Abyss:4  | Received a gift from Trog
 57859 | Abyss:4  | Gained mutation: You are occasionally teleported next to
                  | monsters. [a shining eye]
 57926 | Abyss:5  | Entered Level 5 of the Abyss
 57926 | Abyss:5  | Entered Level 5 of the Abyss
 58067 | Abyss:5  | Found a glowing golden altar of the Shining One.
 58098 | Abyss:5  | Noticed a juggernaut
 58111 | Abyss:5  | Killed a juggernaut
 58120 | Abyss:5  | Got an abyssal rune of Zot
 58139 | Depths:4 | Escaped the Abyss
 58142 | Depths:4 | Lost mutation: Your body sometimes deteriorates upon taking
                  | damage. [potion of mutation]
 58142 | Depths:4 | Lost mutation: Armour fits poorly on your strangely shaped
                  | body. [potion of mutation]
 58142 | Depths:4 | Lost mutation: You are dopey. (Int -2) [potion of mutation]
 58142 | Depths:4 | Gained mutation: Your system is resistant to poisons.
                  | (rPois) [potion of mutation]
 58535 | Lair:6   | Lost mutation: Your system is resistant to poisons. (rPois)
                  | [potion of mutation]
 58535 | Lair:6   | Gained mutation: Your flesh is cold resistant. (rC+)
                  | [potion of mutation]
 58535 | Lair:6   | Gained mutation: You are robust. (+10% HP) [potion of
                  | mutation]
 58560 | Slime:1  | Entered Level 1 of the Pits of Slime
 58788 | Slime:2  | Received a gift from Trog
 59621 | Slime:5  | Entered Level 5 of the Pits of Slime
 60080 | Slime:5  | Reached skill level 10 in Evocations
 60105 | Slime:5  | Received a gift from Trog
 60254 | Slime:5  | Found the +11 plutonium sword {*Contam Stlth-}
 60256 | Slime:5  | Found a viscous altar of Jiyva.
 60291 | Slime:5  | Noticed the Royal Jelly
 60305 | Slime:5  | Killed the Royal Jelly
 60406 | Slime:5  | Got a slimy rune of Zot
 60465 | Slime:5  | Identified the +5 chain mail "Veros" {rC+ MP-9 Int+6} (You
                  | found it on level 5 of the Pits of Slime)
 60689 | Slime:5  | Identified the +2 broad axe of Guck {chaos, rF+} (You found
                  | it on level 5 of the Pits of Slime)
 60701 | Slime:5  | Identified the cursed +1 plate armour of Gallantry {rC+}
                  | (You found it on level 5 of the Pits of Slime)
 61020 | Orc:1    | Bought a steaming plate armour for 924 gold pieces
 61032 | Orc:1    | Identified the +6 plate armour of Elyvilon's Castigation
                  | {rCorr MP+9 Str+8} (You bought it in a shop on level 1 of
                  | the Orcish Mines)
 61311 | Vaults:5 | Bought a potion of heal wounds for 115 gold pieces
 61311 | Vaults:5 | Bought 2 potions of might for 184 gold pieces
 61311 | Vaults:5 | Bought a potion of curing for 69 gold pieces
 61681 | Zot:1    | Entered Level 1 of the Realm of Zot
 62482 | Zot:4    | Identified the +0 helmet "Anovyips" {Int+7 Stlth-} (You
                  | found it on level 4 of the Realm of Zot)
 62547 | Zot:5    | Entered Level 5 of the Realm of Zot
 62549 | Zot:5    | Lost mutation: Your flesh is cold resistant. (rC+) [potion
                  | of mutation]
 62549 | Zot:5    | Lost mutation: You are robust. (+10% HP) [potion of
                  | mutation]
 62549 | Zot:5    | Lost mutation: You are occasionally teleported next to
                  | monsters. [potion of mutation]
 62549 | Zot:5    | Gained mutation: Your flesh is heat resistant. (rF+)
                  | [potion of mutation]
 62549 | Zot:5    | Gained mutation: Armour fits poorly on your strangely
                  | shaped body. [potion of mutation]
 62549 | Zot:5    | Gained mutation: You are frail. (-10% HP) [potion of
                  | mutation]
 62549 | Zot:5    | Lost mutation: You are frail. (-10% HP) [potion of
                  | mutation]
 62610 | Zot:5    | Received a gift from Trog
 63332 | Zot:5    | Noticed an orb of fire
 63333 | Zot:5    | Noticed an ancient lich
 63339 | Zot:5    | Gained mutation: You do not regenerate when monsters are
                  | visible. [an orb of fire]
 63347 | Zot:5    | Gained mutation: You are frail. (-10% HP) [an orb of fire]
 63352 | Zot:5    | Gained mutation: You occasionally shout uncontrollably at
                  | your foes. [an orb of fire]
 63353 | Zot:5    | Killed an orb of fire
 63359 | Zot:5    | Killed an ancient lich
 63360 | Zot:5    | Noticed an orb of fire
 63361 | Zot:5    | Gained mutation: You sometimes yell uncontrollably at your
                  | foes. [an orb of fire]
 63365 | Zot:5    | Killed an orb of fire
 63365 | Zot:5    | Noticed an ancient lich
 63372 | Zot:5    | Killed an ancient lich
 63395 | Zot:5    | Noticed an orb of fire
 63397 | Zot:5    | Gained mutation: Your spells are a little easier to cast,
                  | but a little less powerful. [an orb of fire]
 63398 | Zot:5    | Gained mutation: You are agile. (Dex +2) [an orb of fire]
 63405 | Zot:5    | Killed an orb of fire
 63407 | Zot:5    | Lost mutation: You are agile. (Dex +2) [potion of mutation]
 63407 | Zot:5    | Lost mutation: Your spells are a little easier to cast, but
                  | a little less powerful. [potion of mutation]
 63407 | Zot:5    | Lost mutation: Your flesh is heat resistant. (rF+) [potion
                  | of mutation]
 63407 | Zot:5    | Gained mutation: Your body sometimes deteriorates upon
                  | taking damage. [potion of mutation]
 63407 | Zot:5    | Gained mutation: You possess an exceptional clarity of
                  | mind. [potion of mutation]
 63407 | Zot:5    | Gained mutation: You have a pair of small horns on your
                  | head. [potion of mutation]
 63407 | Zot:5    | Noticed an orb of fire
 63410 | Zot:5    | Gained mutation: You are weak. (Str -2) [an orb of fire]
 63417 | Zot:5    | Killed an orb of fire
 63483 | Zot:5    | Noticed an orb of fire
 63488 | Zot:5    | Gained mutation: You are very frail. (-20% HP) [an orb of
                  | fire]
 63489 | Zot:5    | Gained mutation: Your spells are a little easier to cast,
                  | but a little less powerful. [an orb of fire]
 63491 | Zot:5    | Killed an orb of fire
 63495 | Zot:5    | Noticed an orb of fire
 63509 | Zot:5    | Killed an orb of fire
 63509 | Zot:5    | Reached skill level 15 in Evocations
 63799 | Zot:5    | Lost mutation: You sometimes yell uncontrollably at your
                  | foes. [potion of mutation]
 63799 | Zot:5    | Lost mutation: You are very frail. (-20% HP) [potion of
                  | mutation]
 63799 | Zot:5    | Gained mutation: Potions are less effective at restoring
                  | your health. [potion of mutation]
 63799 | Zot:5    | Gained mutation: You are partially covered in slimy green
                  | scales. (AC +2) [potion of mutation]
 63800 | Zot:5    | Lost mutation: You are partially covered in slimy green
                  | scales. (AC +2) [potion of mutation]
 63800 | Zot:5    | Lost mutation: Your body sometimes deteriorates upon taking
                  | damage. [potion of mutation]
 63800 | Zot:5    | Lost mutation: You are weak. (Str -2) [potion of mutation]
 63800 | Zot:5    | Lost mutation: You are frail. (-10% HP) [potion of
                  | mutation]
 63800 | Zot:5    | Gained mutation: You are agile. (Dex +2) [potion of
                  | mutation]
 63800 | Zot:5    | Gained mutation: You are resistant to hostile enchantments.
                  | (MR+) [potion of mutation]
 64457 | Vaults:5 | Bought a potion of mutation for 184 gold pieces
 64457 | Vaults:5 | Lost mutation: Armour fits poorly on your strangely shaped
                  | body. [potion of mutation]
 64457 | Vaults:5 | Lost mutation: You are resistant to hostile enchantments.
                  | (MR+) [potion of mutation]
 64457 | Vaults:5 | Lost mutation: You do not regenerate when monsters are
                  | visible. [potion of mutation]
 64457 | Vaults:5 | Lost mutation: You are agile. (Dex +2) [potion of mutation]
 64457 | Vaults:5 | Gained mutation: Scrolls take you a little longer to read.
                  | [potion of mutation]
 64457 | Vaults:5 | Gained mutation: Scrolls take you longer to read. [potion
                  | of mutation]
 64457 | Vaults:5 | Gained mutation: You are covered in fur. (AC +1) [potion of
                  | mutation]
 65835 | Zot:5    | Slain by an Orb Guardian

Levels and vault maps discovered:
D:1:      nicolae_arrival_somewhat_less_tricky_arrival, layout_basic,
          kennysheep_small_spiral
D:2:      layout_rooms, fiery_altar_vehumet, serial_corexii_hall,
          corexii_hall_statues_i, chequers_hall_statues_wall_a, hex_intersection
D:3:      layout_rooms, portal_sewer_entry_f
D:4:      layout_basic, overflow_temple_1_default, overflow_temple_1_default,
          first_ration
D:5:      layout_loops_ring, minmay_temple_entry_sparse_star
D:6:      layout_loops_cross, gammafunk_temple_overflow_claw
D:7:      layout_loops_ring, basic_altar
D:8:      layout_basic, erik_lair_orcish_takeover, ebering_ghost_xom
D:9:      layout_basic
D:10:     layout_cave_pods
D:11:     layout_basic, david_orc_3, serial_shops, shop, uniq_grum, uniq_erica
D:12:     minmay_recursive_quarters, layout_basic, gammafunk_ghost_spectres,
          uniq_fannar, uniq_kirke
D:13:     layout_stronghold
D:14:     layout_long_grid, skrybe_vaults_entry_preservation, serial_shops, shop
D:15:     hangedman_depths_entry_try_elsewhere_first, layout_long_grid,
          hangedman_abyss_or_decor_stabs, hex_medium, small_statue_intersection
Lair:1:   layout_regular_city, chequers_serial_rivers_room_b
Lair:2:   layout_gridlike, lemuel_fruit_tree
Lair:3:   layout_chaotic_city, swamp_mist_pool,
          minmay_snake_entry_six_corridors, uniq_rupert
Lair:4:   layout_hall_layers, gauntlet_entry_generic, kilobyte_rumbling_trees
Lair:5:   minmay_lair_oklob_tunnel, layout_small_grid
Lair:6:   minmay_lair_end_enchanted_forest, layout_cave_pods, slime_altar_2,
          serial_bayou_shore_a
Swamp:1:  cheibrodos_swamp_monstrosity, layout_basic_swamp,
          nicolae_swamp_feature_on_the_river_bank
Swamp:2:  layout_falls_marsh, nicolae_swamp_round_clearing,
          infiniplex_staircase_pool_2, uniq_nikola, uniq_jorgrun
Swamp:3:  layout_basic_swamp, evilmike_swamp_ruin_wall
Swamp:4:  swamp_icy, layout_basic_swamp, swamp_pool1
Snake:1:  layout_layer_cave, serial_shops,
          nicolae_shop_temple_entry_statues_fountains, uniq_asterion
Snake:2:  layout_rooms, serial_shops, shop, nicolae_shop_waterfront
Snake:3:  layout_misc_corridors, evilmike_ambush [evilmike_ambush_outer_pillars,
          evilmike_ambush_inner_basic]
Snake:4:  snake_pit, layout_basic, serial_bayou_lagoon_a, serial_bayou_shore_b
Slime:1:  layout_caves, cheibrodos_slime_lost_civilization_6
Slime:2:  layout_caves
Slime:3:  layout_caves
Slime:4:  layout_caves
Slime:5
Orc:1:    layout_diamond_mine, serial_shops, nicolae_shop_statue_plus
Orc:2:    st_orc_elflike, layout_caves, portal_ice_cave_rime
Elf:1:    eino_elf_arrival_customs, layout_onion_city, minivault_28
Elf:2:    layout_geoelf_octagon, serial_shops, nicolae_shop_overgrown_old_shop,
          evilmike_ambush [evilmike_ambush_outer_corners,
          evilmike_ambush_inner_basic]
Elf:3:    elf_hall_gauntlet_wide, layout_geoelf_castle, basic_altar
Vaults:1: nicolae_vaults_three_branches, vaults_mumra_minichess,
          vaults_dpeg_hooks, vaults_room_pool, nicolae_vaults_little_squares_3,
          hangedman_vaults_snaps, nicolae_vaults_c_with_doors,
          vaults_dpeg_spiral, vaults_room_hallway, vaults_dpeg_encased_lava,
          v_misc_5, layout_vaults_chaotic_city
Vaults:2: nicolae_vaults_twisting_passages, nicolae_vaults_know_your_exits,
          vaults_room_fours, ontoclasm_vaults_idyll, grunt_vaults_diagonal,
          grunt_vaults_funnel, vaults_room_pools, vaults_room_door_hall,
          v_misc_23, vaults_room_stairs_pillars, layout_vaults_omnigrid,
          portal_desolation_entry_salt, uniq_bai_suzhen
Vaults:3: hangedman_vaults_locks, minmay_crypt_entry_necro_gods,
          grunt_vaults_bifocal, vaults_room_door_hall,
          nicolae_vaults_display_case, v_misc_26, v_misc_28,
          dpeg_vaults_monster_row, v_misc_5, vaults_dpeg_diagonal,
          layout_vaults_omnicross, enter_trove_1
Vaults:4: ontoclasm_vaults_twist, v_misc_23, hangedman_vaults_pinch,
          vaults_room_fours, nicolae_vaults_network_periphery,
          nicolae_vaults_windows_and_doors_thing, nicolae_vaults_asterisk,
          ontoclasm_vaults_idyll, nicolae_vaults_bisected_exclaves,
          layout_vaults_omnibox
Vaults:5: serial_shops, uniq_xtahua
Crypt:1:  layout_misc_corridors, uniq_aizul
Crypt:2:  layout_gridlike, infiniplex_enter_wizlab_water, ebering_ghost_xom
Crypt:3:  david_glass_crypt, layout_rooms, tomb_entry_simple_bobbens,
          serial_sigils_hangedman_gut
Depths:1: layout_long_grid, enter_ziggurat_e, serial_shops, shop, hell_entry,
          minmay_guarded_unrand_zonguldrok, minmay_shoptagon,
          serial_bayou_shore_b
Depths:2: minmay_crescents, layout_gridlike, hell_entry, grunt_ministairs_6,
          hangedman_abyss_or_decor_passed, nrook_mini_backslash,
          serial_sigils_hangedman_writhe
Depths:3: minmay_chopped_fan, layout_basic, grunt_hell_entry_dis_old, pan_entry,
          hangedman_decor_clover_reticule, infiniplex_staircase_door_maze
Depths:4: hangedman_slaughterboxes, abyss_entry, hell_entry
Depths:5: grunt_zot_entry_gee_three, layout_cave_shapes, hell_entry,
          st_stairs_8, minmay_alternating_orb, uniq_sojobo
Hell
Zot:1:    layout_misc_corridors, lemuel_flame_loot_1
Zot:2:    layout_basic, lemuel_golem_globe
Zot:3:    layout_cathedral_of_symmetry, grunt_megastairs_2
Zot:4:    layout_concentric_octagons, grunt_megastairs_4
Zot:5:    layout_basic

Skill      XL: |  1  2  3  4  5  6  7  8  9 10 11 12 13 14 15 16 17 18 19 20 21 22 23 24 25 26 27 |
---------------+----------------------------------------------------------------------------------+-----
Dodging        | 3 5 6 8 9 11 12 14 15 17 20 22 24 27 | 27.0
Polearms       | 5 6 7 9 10 12 13 15 17 19 20 | 20.2
Fighting       | 4 5 6 7 8 9 11 12 14 15 16 17 18 19 21 22 23 24 25 27 | 27.0
Evocations     | 1 3 4 6 7 8 16 | 16.5
Armour         | 3 5 7 9 10 11 12 14 21 | 21.1
Stealth        | 5 10 13 15 20 22 26 | 26.3

Action                   |  1- 3 |  4- 6 |  7- 9 | 10-12 | 13-15 | 16-18 | 19-21 | 22-24 | 25-27 || total
-------------------------+-------+-------+-------+-------+-------+-------+-------+-------+-------++-------
Melee: Spear             |   166 |   273 |   181 |       |       |       |       |       |       ||   620
       Dire flail        |       |       |    84 |       |       |       |       |       |       ||    84
       Trident           |       |       |   208 |    45 |       |       |       |       |       ||   253
       Halberd           |       |       |       |   336 |       |       |       |       |       ||   336
       Glaive            |       |       |       |   207 |  1126 |  1274 |  1631 |  1652 |  3496 ||  9386
       Tailslap          |       |       |       |       |     2 |    41 |       |     1 |     1 ||    45
       Headbutt          |       |       |       |       |       |       |       |       |    92 ||    92
       Unarmed           |       |       |       |       |       |       |       |       |     8 ||     8
Throw: Dart              |       |    15 |    18 |     7 |     2 |     8 |       |       |       ||    50
       Throwing net      |       |       |       |       |       |       |       |       |     2 ||     2
Invok: Berserk           |     4 |     5 |    17 |     9 |     6 |     6 |     4 |     3 |     9 ||    63
       Trog's Hand       |       |       |     3 |     6 |     7 |    16 |    22 |    13 |    39 ||   106
       Brothers in Arms  |       |       |       |       |     1 |       |       |       |     2 ||     3
Evoke: Wand              |       |       |     4 |    11 |     7 |     6 |     3 |     3 |     8 ||    42
       Lamp of fire      |       |       |       |     1 |       |     3 |     2 |       |     3 ||     9
       Fan of gales      |       |       |       |     1 |       |       |       |       |     1 ||     2
       Lightning rod     |       |       |       |       |       |     1 |       |       |       ||     1
       Phantom mirror    |       |       |       |       |       |       |       |       |     1 ||     1
  Use: Scroll            |     3 |     6 |    12 |    13 |    17 |    18 |    19 |    15 |    23 ||   126
       Potion            |       |     1 |     3 |     6 |     9 |     7 |     6 |     5 |    35 ||    72
 Stab: Sleeping          |     1 |     2 |     2 |     4 |     1 |       |       |       |     2 ||    12
       Distracted        |       |       |     1 |       |     3 |     1 |       |     2 |    11 ||    18
       Invisible         |       |       |       |       |     7 |     6 |     2 |    10 |       ||    25
       Confused          |       |       |       |       |     2 |       |       |       |       ||     2
       Petrifying        |       |       |       |       |       |       |       |       |     3 ||     3
       Petrified         |       |       |       |       |       |       |       |       |     1 ||     1
  Eat: Chunk             |     7 |    10 |    15 |    14 |    37 |    24 |    14 |     6 |    12 ||   139
       Ration            |       |       |     7 |     3 |     1 |     4 |     8 |    13 |    17 ||    53
Armor: Animal skin       |    22 |    35 |    21 |       |       |       |       |       |       ||    78
       Robe              |       |       |     7 |    10 |       |       |       |       |       ||    17
       Troll leather arm |       |       |     3 |    38 |       |       |       |       |       ||    41
       Ring mail         |       |       |       |       |    64 |       |       |       |       ||    64
       Gold dragon scale |       |       |       |       |   170 |   340 |   360 |   326 |   830 ||  2026
       Chain mail        |       |       |       |       |       |       |       |    18 |    69 ||    87
Dodge: Dodged            |    83 |   153 |   275 |   423 |   770 |   821 |  1288 |  1379 |  3957 ||  9149

Table legend:
 A = Non-vault XP
 B = Vault XP
 C = Vault XP percentage of total XP
 D = Non-vault monster count
 E = Vault monster count
 F = Vault count percentage of total count
                 A         B        C        D         E       F
            +---------+---------+-------+---------+---------+-------
      Total | 1054399 |  970973 |  47.9 |    1969 |     989 |  33.4
            +---------+---------+-------+---------+---------+-------
        D:1 |      43 |       0 |   0.0 |      24 |       0 |   0.0
        D:2 |      46 |       0 |   0.0 |      13 |       0 |   0.0
        D:3 |      85 |      18 |  17.5 |      18 |       6 |  25.0
        D:4 |     419 |       0 |   0.0 |      18 |       0 |   0.0
        D:5 |     456 |       0 |   0.0 |      17 |       0 |   0.0
        D:6 |    1132 |       0 |   0.0 |      27 |       0 |   0.0
        D:7 |     766 |       0 |   0.0 |      22 |       0 |   0.0
        D:8 |    1151 |    1964 |  63.0 |      23 |       9 |  28.1
        D:9 |    1235 |       0 |   0.0 |      19 |       0 |   0.0
       D:10 |    2600 |       0 |   0.0 |      41 |       0 |   0.0
       D:11 |    5456 |    2038 |  27.2 |      35 |      14 |  28.6
       D:12 |    6339 |    7138 |  53.0 |      19 |      16 |  45.7
       D:13 |    5066 |       0 |   0.0 |      26 |       0 |   0.0
       D:14 |   11546 |    3514 |  23.3 |      30 |       9 |  23.1
       D:15 |   12642 |    2974 |  19.0 |      29 |       4 |  12.1
     Lair:1 |    4168 |       0 |   0.0 |      16 |       0 |   0.0
     Lair:2 |    4539 |       0 |   0.0 |      22 |       0 |   0.0
     Lair:3 |    7550 |    4141 |  35.4 |      31 |      11 |  26.2
     Lair:4 |    6040 |     985 |  14.0 |      30 |       7 |  18.9
     Lair:5 |    7153 |       0 |   0.0 |      17 |       0 |   0.0
     Lair:6 |   15206 |    7703 |  33.6 |      43 |      46 |  51.7
    Swamp:1 |   14137 |    2897 |  17.0 |      38 |       1 |   2.6
    Swamp:2 |    8980 |    7003 |  43.8 |      18 |       2 |  10.0
    Swamp:3 |   13356 |       0 |   0.0 |      31 |       0 |   0.0
    Swamp:4 |   18765 |    7018 |  27.2 |      42 |      31 |  42.5
    Snake:1 |   19734 |    2004 |   9.2 |      31 |       1 |   3.1
    Snake:2 |   12656 |       0 |   0.0 |      28 |       0 |   0.0
    Snake:3 |   16453 |    8947 |  35.2 |      33 |      18 |  35.3
    Snake:4 |   20746 |   32738 |  61.2 |      39 |      44 |  53.0
    Slime:1 |   16811 |       0 |   0.0 |      19 |       0 |   0.0
    Slime:2 |   10379 |       0 |   0.0 |      16 |       0 |   0.0
    Slime:3 |   17417 |       0 |   0.0 |      18 |       0 |   0.0
    Slime:4 |   15264 |       0 |   0.0 |      27 |       0 |   0.0
    Slime:5 |    9053 |   36155 |  80.0 |      10 |      16 |  61.5
      Orc:1 |    2920 |       0 |   0.0 |      35 |       0 |   0.0
      Orc:2 |    1524 |    9017 |  85.5 |      25 |      27 |  51.9
      Elf:1 |   19875 |    9800 |  33.0 |      32 |      18 |  36.0
      Elf:2 |   21699 |   14097 |  39.4 |      37 |      22 |  37.3
      Elf:3 |   19018 |   36637 |  65.8 |      30 |      24 |  44.4
   Vaults:1 |   28763 |   17416 |  37.7 |      45 |      28 |  38.4
   Vaults:2 |   26170 |   20684 |  44.1 |      53 |      25 |  32.1
   Vaults:3 |   19615 |   15861 |  44.7 |      33 |      20 |  37.7
   Vaults:4 |    7598 |   10635 |  58.3 |      12 |      20 |  62.5
   Vaults:5 |   68846 |  141262 |  67.2 |      95 |      92 |  49.2
    Crypt:1 |   27480 |    1662 |   5.7 |      40 |       1 |   2.4
    Crypt:2 |   19940 |    7496 |  27.3 |      40 |       4 |   9.1
    Crypt:3 |   33664 |   41814 |  55.4 |      42 |      18 |  30.0
   Depths:1 |   30087 |   15913 |  34.6 |      48 |      21 |  30.4
   Depths:2 |   25551 |   26670 |  51.1 |      36 |      15 |  29.4
   Depths:3 |   38202 |   22117 |  36.7 |      45 |      14 |  23.7
   Depths:4 |    8116 |  132819 |  94.2 |      11 |     116 |  91.3
   Depths:5 |   25392 |   56922 |  69.2 |      21 |      36 |  63.2
       Hell |   26617 |   23691 |  47.1 |      34 |      36 |  51.4
      Zot:1 |    4860 |       0 |   0.0 |       2 |       0 |   0.0
      Zot:2 |   18200 |       0 |   0.0 |      11 |       0 |   0.0
      Zot:3 |   31990 |       0 |   0.0 |      17 |       0 |   0.0
      Zot:4 |   42859 |    3924 |   8.4 |      20 |       2 |   9.1
      Zot:5 |   57729 |  135423 |  70.1 |      30 |      31 |  50.8
    Abyss:1 |     183 |       0 |   0.0 |       1 |       0 |   0.0
    Abyss:2 |   40215 |       0 |   0.0 |      76 |       0 |   0.0
    Abyss:3 |   27971 |       0 |   0.0 |      71 |       0 |   0.0
    Abyss:4 |   86025 |   17228 |  16.7 |     144 |      36 |  20.0
    Abyss:5 |    4589 |   15227 |  76.8 |      12 |       8 |  40.0
      Sewer |       0 |     141 | 100.0 |       0 |       6 | 100.0
      IceCv |       0 |    3055 | 100.0 |       0 |      11 | 100.0
     WizLab |    1312 |   21547 |  94.3 |       1 |      36 |  97.3
 Desolation |       0 |   37224 | 100.0 |       0 |      66 | 100.0
   Gauntlet |       0 |    5454 | 100.0 |       0 |      21 | 100.0
            +---------+---------+-------+---------+---------+-------
